 Dungeon Crawl Stone Soup version 0.30.0-17-ge0270778cf (webtiles) character file.

Game seed: 10231718604257753496

101 ProzacElf the Cudgeller (level 4, -7/33 HPs)
             Began as a Demonspawn Gladiator on May 21, 2023.
             Mangled by a gnoll
             ... wielding a +0 spear
              (8 damage)
             ... on level 3 of the Dungeon.
             The game lasted 00:04:25 (2120 turns).

ProzacElf the Cudgeller (Demonspawn Gladiator)      Turns: 2120, Time: 00:04:27

Health: -7/33      AC:  3    Str: 16    XL:     4   Next: 48%
Magic:  4/4        EV: 12    Int:  9    God:
Gold:   105        SH:  0    Dex: 15    Spells: 3/3 levels left

rFire   . . .        a - +0 flail
rCold   . . .        (no shield)
rNeg    . . .        b - +0 leather armour
rPois   .            (helmet restricted)
rElec   .            (no cloak)
rCorr   .            (no gloves)
SInv    .            (no boots)
Will    .....        p - amulet of magic regeneration
Stlth   ++           (no ring)
HPRegen 0.25/turn    (no ring)
MPRegen 0.58/turn

%: no passive effects
@: no status effects
A: horns 1, magic regeneration, demonic touch 1
a: no special abilities


You were on level 3 of the Dungeon.
You visited 1 branch of the dungeon, and saw 3 of its levels.

You collected 105 gold pieces.

Inventory:

Hand Weapons
 a - a +0 flail (weapon)
Missiles
 d - 3 throwing nets (quivered)
 e - a javelin
Armour
 b - a +0 leather armour (worn)
 c - a +0 helmet
Jewellery
 p - an amulet of magic regeneration (around neck)
Scrolls
 f - 4 scrolls of identify {unknown}
 g - a scroll of enchant armour {unknown}
 h - a scroll of torment {unknown}
 k - a scroll of silence {unknown}
 n - a scroll of poison {unknown}
 o - a scroll of teleportation {unknown}
Potions
 i - a potion of heal wounds {unknown}
 j - a potion of brilliance {unknown}
 l - a potion of haste {unknown}


   Skills:
 - Level 2.0 Fighting
 + Level 3.9 Maces & Flails
 - Level 1.7 Throwing
 - Level 2.6 Dodging
 + Level 2.8 Stealth


You had 3 spell levels left.
You didn't know any spells.
Your spell library contained the following spells:

 Spells                   Type           Power      Damage    Failure   Level
 Blade Hands              Tmut           0%         N/A       100%        5
 Irradiate                Conj/Tmut      0%         3d11      100%        5
 Dragon Form              Tmut           0%         N/A       100%        7


Dungeon Overview and Level Annotations

Branches:
Dungeon (3/15)

Altars:

Shops:
D:2 :

Annotations:
D:2 Terence


Innate Abilities, Weirdness & Mutations

You have a pair of small horns on your head.
You regenerate magic rapidly.
Your touch may inflict minor irresistible damage on your foes.


Message History

Ye take 4 damage, an' haf 27/33 hp.
Ye hit tha gnoll.
Yer touch misses tha gnoll.
Tha gnoll be severely wounded.
Tha gnoll looks more healthy. x2; Tha gnoll closely misses ye.
Ye sock tha gnoll!
Ye kill tha gnoll!
Tha gnoll throws a throwin' net.
Tha throwin' net barely misses ye.
Ye barely miss tha gnoll.
Yer touch misses tha gnoll.
Tha gnoll misses ye.
Tha gnoll barely misses ye.
Ye hit tha gnoll but do nay damage.
Yer headbutt misses tha gnoll.
Ye touch tha gnoll!
Tha gnoll be severely wounded.
Tha gnoll hits ye from afar wit' a +0 spear.
Tha gnoll hits ye wit' a +1 whip o' flamin'.
Tha gnoll burns ye.
Tha gnoll hits ye from afar wit' a +0 spear.
Tha gnoll misses ye.
Ye take 17 damage, an' haf 11/33 hp.
MASSIVE DAMAGE!!
Ye hit tha gnoll.
Ye kill tha gnoll!
Tha gnoll hits ye from afar wit' a +0 spear.
* * * LOW HITPOINT WARNIN'
* * * Ye take 2 damage, an' haf 9/33 hp.
Ye hit tha gnoll but do nay damage.
Tha gnoll be heavily wounded.
Tha gnoll barely misses ye.
Tha gnoll hits ye wit' a +0 whip.
* * * LOW HITPOINT WARNIN'
* * * Ye take 2 damage, an' haf 7/33 hp.
Ye barely miss tha gnoll.
Ye touch tha gnoll!
Ye kill tha gnoll!
Tha gnoll throws a throwin' net.
Tha throwin' net hits ye.
Ye become entangled in tha net!
Ye struggle against tha net.
Tha gnoll closely misses ye.
Ye tear a large gash inta tha net.
Tha gnoll hits ye from afar wit' a +0 spear!
* * * LOW HITPOINT WARNIN'
* * * Ye take 7 damage, an' haf 1/33 hp.
MASSIVE DAMAGE!!
Ye rip tha net an' break free!
Tha gnoll hits ye from afar wit' a +0 spear!
Ye die...

# ### ###.#
##.. ..#.# ..#
.....# #)#
..#..##
#.###.##......>
#(....@)g.(...#
#..##.###.(..##
#..##.# #.##
##...#.###.# #
#..........#
#.##.##.##### #
#<# #.# .##


You could see a gnoll.

Vanquished Creatures
  3 gnolls (D:3)
  2 adders (D:2)
  A dart slug (D:1)
  2 ball pythons (D:1)
  4 endoplasms
  A giant cockroach (D:2)
  8 goblins
  6 hobgoblins
  6 kobolds
  2 quokkas (D:1)
  8 bats
  2 frilled lizards
  3 rats (D:1)
48 creatures vanquished.

Notes
Turn   | Place    | Note
-------+----------+-------------------------------------------
     0 | D:1      | ProzacElf the Demonspawn Gladiator began the quest for the
                  | Orb.
     0 | D:1      | Reached XP level 1. HP: 16/16 MP: 1/1
   123 | D:1      | Reached skill level 3 in Maces & Flails
   123 | D:1      | Reached skill level 1 in Stealth
   129 | D:1      | Discovered your monstrous ancestry.
   129 | D:1      | Gained mutation: Your touch may inflict minor irresistible
                  | damage on your foes. [demonic ancestry]
   129 | D:1      | Reached XP level 2. HP: 20/22 MP: 2/2
   649 | D:1      | Gained mutation: You have a pair of small horns on your
                  | head. [demonic ancestry]
   649 | D:1      | Reached XP level 3. HP: 26/27 MP: 3/3
  1431 | D:2      | Found Ifoukum's Book Shop.
  1503 | D:2      | Noticed Terence
  1721 | D:2      | Found a faded altar of an unknown god.
  1816 | D:2      | Gained mutation: You regenerate magic rapidly. [demonic
                  | ancestry]
  1816 | D:2      | Reached XP level 4. HP: 15/33 MP: 4/4
  2119 | D:3      | HP: 1/33 [gnoll/+0 spear (7)]
  2120 | D:3      | Mangled by a gnoll

Illustrated notes

Levels and vault maps discovered:
D:1:      roderic_dead_forest, layout_loops_ring,
          wander_ebering_terrifying_dragon_lair
D:2:      layout_basic, serial_shops, shop, basic_ecumenical_altar,
          minmay_pentomino_q4, uniq_terence
D:3:      layout_loops_corners, nicolae_overflow_hidden_temple,
          hellmonk_okawaru_the_only_friend_you_need, general_overflow_altar,
          minitemple

Skill      XL: |  1  2  3 |
---------------+----------+-----
Maces & Flails | 3 |  3.9
Stealth        | 1 2 |  2.8
Fighting       | |  2.0
Throwing       | |  1.7
Dodging        | |  2.6

Action                     |  1- 3 |  4- 6 || total
---------------------------+-------+-------++-------
  Melee: Flail             |   132 |     9 ||   141
         Punch             |     4 |       ||     4
         Touch             |    13 |     2 ||    15
         Headbutt          |     4 |     1 ||     5
  Throw: Dart              |       |     2 ||     2
   Stab: Sleeping          |     7 |     1 ||     8
 Armour: Leather armour    |    56 |       ||    56
  Dodge: Dodged            |    88 |     7 ||    95

Action                     |  1- 3 |  4- 6 || total
---------------------------+-------+-------++-------
  Melee: Flail             |   132 |     9 ||   141
         Punch             |     4 |       ||     4
         Touch             |    13 |     2 ||    15
         Headbutt          |     4 |     1 ||     5
  Throw: Dart              |       |     2 ||     2
   Stab: Sleeping          |     7 |     1 ||     8
 Armour: Leather armour    |    56 |       ||    56
  Dodge: Dodged            |    88 |     7 ||    95

Levels and vault maps discovered:
D:1:      roderic_dead_forest, layout_loops_ring,
          wander_ebering_terrifying_dragon_lair
D:2:      layout_basic, serial_shops, shop, basic_ecumenical_altar,
          minmay_pentomino_q4, uniq_terence
D:3:      layout_loops_corners, nicolae_overflow_hidden_temple,
          hellmonk_okawaru_the_only_friend_you_need, general_overflow_altar,
          minitemple
